 Dungeon Crawl Stone Soup version 0.22-a0-422-g9628fc8 (webtiles) character file.

5 Gorice the Magician (level 1, 0/12 HPs)
             Began as a Deep Elf Wanderer on May 18, 2018.
             Slain by an ooze (3 damage)
             ... on level 1 of the Dungeon.
             The game lasted 00:00:50 (183 turns).

Gorice the Magician (Deep Elf Wanderer)              Turns: 183, Time: 00:00:50

Health: 0/12       AC:  2    Str:  9    XL:     1   Next: 66%
Magic:  8/8        EV: 12    Int: 17    God:
Gold:   10         SH:  0    Dex: 13    Spells: 8/9 levels left

rFire    . . .     SeeInvis .   e - +0 dagger
rCold    . . .     Gourm    .   (no shield)
rNeg     . . .     Faith    .   d - +0 robe
rPois    .         Spirit   .   (no helmet)
rElec    .         Reflect  .   (no cloak)
rCorr    .         Harm     .   (no gloves)
MR       .....                  (no boots)
Stlth    ++........             (no amulet)
HPRegen  0.04/turn              (no ring)
MPRegen  0.11/turn              (no ring)

@: no status effects
A: no striking features
a: no special abilities


You were on level 1 of the Dungeon.
You were not hungry.

You visited 1 branch of the dungeon, and saw 1 of its levels.

You collected 10 gold pieces.

Inventory:

Hand Weapons
 e - a +0 dagger (weapon)
Armour
 d - a +0 robe (worn)
Scrolls
 a - a scroll of remove curse {unknown}
 c - a scroll of teleportation {!r}
Potions
 b - a potion of curing
Comestibles
 f - a ration
 g - 7 chunks of flesh


   Skills:
 + Level 1.1 Fighting
   Level 1.0 Long Blades
 + Level 1.5 Dodging
 + Level 2.6 Stealth
 + Level 4.5 Spellcasting
 - Level 1.5 Charms
   Level 1.1 Ice Magic


You had 8 spell levels left.
You knew the following spells:

 Your Spells              Type           Power        Failure   Level  Hunger
a - Infusion              Chrm           #...         9%          1    None

Your spell library contained the following spells:

 Spells                   Type           Power        Failure   Level  Hunger
 Regeneration             Chrm/Necr      #.........   32%         3    ###....
 Shroud of Golubria       Chrm/Tloc      #.........   17%         2    ##.....
 Song of Slaying          Chrm           #.......     12%         2    ##.....
 Spectral Weapon          Hex/Chrm       #.......     32%         3    ###....


Dungeon Overview and Level Annotations

Branches:
Dungeon (1/15)

Altars:


Message History

No target in view!
No target in view!
No target in view!
Found a whip.
You see here a bat corpse.
You butcher the bat corpse.
g - 7 chunks of flesh (gained 1)
You see here a bat skeleton.
No target in view!
No target in view!
An ooze comes into view.
The ooze quivers.
Found a scroll labeled BOIQIOCAOT.
The ooze hits you.
* * * LOW HITPOINT WARNING * * *
Things that are here:
a whip; 17 stones; Damage: 3 (max 3)
You are too injured to fight recklessly!
You are too injured to fight recklessly!
You are too injured to fight recklessly!
You are too injured to fight recklessly!
You are too injured to fight recklessly!
You hit the ooze.
The ooze is moderately wounded.
The ooze barely misses you.
You hit the ooze.
The ooze is moderately wounded.
The ooze completely misses you.
You hit the ooze.
The ooze is severely wounded.
The ooze jiggles.
The ooze closely misses you.
You hit the ooze but do no damage.
The ooze is severely wounded.
The ooze barely misses you.
You hit the ooze but do no damage.
The ooze is severely wounded.
The ooze misses you.
You barely miss the ooze.
The ooze is severely wounded.
The ooze hits you but does no damage.
You barely miss the ooze.
The ooze is heavily wounded.
The ooze hits you.
* * * LOW HITPOINT WARNING * * *
Damage: 3 (max 3)
You hit the ooze.
The ooze is severely wounded.
The ooze hits you.
You die...

###......##
###....#....#
###......#....##
#.....#..รท.>...#
#.....#..##.##.#
#......##..#.# .
###....###.#..
....####..# .##.#
.......@..# .# .#
.......J#.# .# ..
....+....... %.
.. .?.
#.#..####.. #
#.##.# .. .. #..
#. ##. #. ..


You could see an ooze.

Vanquished Creatures
  A bat (D:1)
  A giant cockroach (D:1)
  2 goblins (D:1)
4 creatures vanquished.

Notes
Turn   | Place    | Note
-------+----------+-------------------------------------------
     0 | D:1      | Gorice the Deep Elf Wanderer began the quest for the Orb.
     0 | D:1      | Gorice set off with: a potion of curing, a scroll of teleportation {!r}, a +0 robe, a +0 dagger, a ration
     0 | D:1      | Reached XP level 1. HP: 12/12 MP: 7/7
     2 | D:1      | Learned a level 1 spell: Infusion
   182 | D:1      | HP: 3/12 [ooze (3)]
   183 | D:1      | Slain by an ooze

Vault maps used:
D:1:      dpeg_arrival_chase, minmay_misc_feat_x, minmay_tiny_reverse_x

Action                   || total
-------------------------++-------
Melee: Dagger            ||    35
Armor: Robe              ||    10
Dodge: Dodged            ||    24

Table legend:
 A = Spawn XP
 B = Non-spawn XP
 C = Spawn XP percentage of total XP
 D = Spawn monster count
 E = Non-spawn monster count
 F = Spawn count percentage of total count
 G = Total turns spent on level
                    A         B        C        D         E        F      G
               +---------+---------+-------+---------+---------+-------+---------
         Total |       0 |       8 |   0.0 |       0 |       4 |   0.0 |   183
               +---------+---------+-------+---------+---------+-------+---------
           D:1 |       0 |       8 |   0.0 |       0 |       4 |   0.0 |   183
               +---------+---------+-------+---------+---------+-------+---------

Table legend:
 A = Turns spent in this place as a percentage of turns spent in the entire game.
 B = Non-inter-level travel turns spent in this place as a percentage of non-inter-level travel turns spent in the entire game.
 C = Inter-level travel turns spent in this place as a percentage of turns spent in this place.
 D = Turns resting spent in this place as a percentage of non-inter-level travel turns spent in this place.
 E = Turns spent auto-exploring this place as a percentage of non-inter-level travel turns spent in this place.
 F = Non-inter-level travel turns spent in this place divided by the number of levels of this place that you've seen.
                   A       B       C       D       E      F
               +-------+-------+-------+-------+-------+----------------------
         Total | 100.0 | 100.0 |   0.0 |   0.0 |  47.5 | 183.0
       Dungeon | 100.0 | 100.0 |   0.0 |   0.0 |  47.5 | 183.0
               +-------+-------+-------+-------+-------+----------------------

Vault maps used:
D:1:      dpeg_arrival_chase, minmay_misc_feat_x, minmay_tiny_reverse_x
